Map: Abyssal Reef LE

Players

Lovecrit

  • Race: Protoss Protoss
  • Spawn Location: 5:00

HeltEn - Winner!

  • Race: Terran Terran
  • Spawn Location: 11:00

Event: WCS Jonkoping 2017

VOD

Have the link to the VOD?

Description

Time

  • Played on: June 17, 2017, 8:32 a.m.
  • Length: 8:18

All games in this series

Show
View Real Time Build Order
Export as new Build Order

Lovecrit Protoss 

Build Orders: 1 Gate Expand 

Get SALT Encoding   

  12  0:01  Probe (Chrono Boost)  
  13  0:11  Probe (Chrono Boost)  
  14  0:17  Pylon  
  14  0:22  Probe (Chrono Boost)  
  15  0:36  Probe (Chrono Boost)  
  15  0:39  Gateway  
  16  0:46  Probe (Chrono Boost)  
  16  0:49  Assimilator  
  18  0:57  Probe (Chrono Boost)  
  18  1:07  Probe (Chrono Boost)  
  19  1:18  Probe (Chrono Boost)  
  20  1:28  Nexus  
  20  1:38  Cybernetics Core  
  20  1:42  Probe (Chrono Boost)  
  20  1:46  Assimilator  
  21  1:52  Probe (Chrono Boost)  
  22  1:59  Pylon  
  22  2:03  Probe (Chrono Boost)  
  23  2:17  Adept  
  23  2:18  Mothership Core (Chrono Boost)  
  23  2:21  Warp Gate (Chrono Boost)  
  26  2:36  Probe (Chrono Boost)  
  27  2:40  Probe (Chrono Boost)  
  27  2:41  Robotics Facility  
  28  2:47  Probe  
  28  2:50  Probe  
  30  2:59  Probe  
  30  3:01  Probe  
  32  3:11  Probe x2, Gateway  
  34  3:22  Probe  
  34  3:23  Probe  
  34  3:24  Gateway  
  36  3:30  Pylon  
  36  3:32  Probe  
  37  3:36  Probe  
  37  3:38  Warp Prism (Chrono Boost)  
  40  3:49  Gateway  
  40  3:56  Gateway  
  40  4:04  Gateway  
  40  4:08  Gateway  
  40  4:11  Observer  
  40  4:13  Pylon  
  41  4:26  Gateway  
  41  4:27  Sentry x2, Gateway  
  41  4:29  Sentry, Gateway x2  
  41  4:30  Observer  
  47  4:32  Gateway  
  45  4:48  Probe x2  
  46  4:56  Stalker x2  
  50  5:00  Probe  
  51  5:11  Probe  
  52  5:16  Pylon  
  52  5:23  Pylon  
  52  5:25  Pylon  
  52  5:28  Adept x4  
  54  5:35  Stalker  
  58  5:50  Adept  
  58  5:51  Adept x2  
  64  5:57  Adept x2  
  56  6:15  Adept  
  56  6:16  Adept x4  
  50  6:22  Adept  
  46  6:25  Adept  
  46  6:31  Probe x2  
  36  6:37  Sentry, Warp Prism  
  34  6:43  Probe x2  
  37  6:50  Adept  
  37  6:53  Adept  
  41  6:59  Adept  
  43  7:02  Adept  
  45  7:10  Adept  
  47  7:19  Stalker, Adept  
  51  7:37  Adept x4  
  59  7:49  Zealot x2  
  57  8:12  Adept  
  45  8:13  Adept x4  
Show
View Real Time Build Order
Export as new Build Order

HeltEn Terran - Winner!

Build Orders: Liberator Opening, Reaper Expand 

Get SALT Encoding   

  12  0:00  SCV  
  13  0:13  SCV  
  14  0:17  Supply Depot  
  14  0:25  SCV  
  15  0:29  Refinery  
  15  0:38  SCV  
  16  0:45  Barracks  
  16  0:50  SCV  
  17  1:02  SCV  
  18  1:15  SCV  
  19  1:32  Orbital Command, Reaper  
  20  1:46  Command Center  
  20  1:58  SCV  
  20  2:00  Factory  
  21  2:07  Barracks Reactor  
  21  2:10  Refinery  
  21  2:12  SCV  
  22  2:21  Supply Depot  
  22  2:24  SCV  
  23  2:43  SCV, Marine x2  
  26  2:45  Starport  
  26  2:46  Widow Mine  
  27  2:55  SCV  
  28  2:59  Orbital Command  
  28  3:03  Marine  
  28  3:04  Marine  
  30  3:09  SCV  
  31  3:18  Widow Mine  
  33  3:20  Marine  
  33  3:21  SCV, Marine  
  33  3:25  SCV  
  36  3:29  Medivac  
  36  3:33  SCV  
  39  3:36  Supply Depot  
  39  3:39  Marine x2  
  41  3:48  Barracks, Factory Tech Lab  
  41  3:52  SCV x2  
  43  3:58  Liberator, Engineering Bay  
  43  4:03  Marine x2  
  43  4:05  SCV  
  47  4:10  SCV  
  50  4:21  Siege Tank  
  53  4:26  Supply Depot  
  53  4:32  SCV  
  53  4:38  Marine, SCV  
  54  4:47  Marine, Barracks Tech Lab  
  54  4:49  SCV  
  54  4:50  SCV  
  56  4:55  Marine  
  56  4:57  Siege Tank  
  60  5:05  Marine  
  60  5:06  SCV, Supply Depot  
  62  5:07  Bunker  
  62  5:08  Stimpack  
  62  5:09  Supply Depot  
  62  5:11  SCV, Marine  
  62  5:13  Starport Reactor  
  62  5:16  Terran Infantry Weapons Level 1  
  62  5:21  Supply Depot  
  62  5:27  Marine, SCV x2  
  65  5:34  Marine x2  
  67  5:36  Widow Mine  
  67  5:41  SCV  
  67  5:42  SCV  
  71  5:57  Marauder, Marine x2  
  70  6:00  Supply Depot  
  70  6:02  Supply Depot  
  63  6:14  Marine  
  63  6:15  Marine  
  63  6:16  SCV x2  
  52  6:19  Marauder  
  52  6:23  Medivac x2  
  58  6:28  SCV x2  
  58  6:32  Marine  
  52  6:38  Command Center  
  52  6:39  Refinery  
  52  6:40  Marine, SCV x2  
  52  6:41  Refinery  
  55  6:52  SCV x2, Marine x2  
  59  7:03  Marine  
  59  7:07  SCV x2  
  62  7:09  Barracks  
  62  7:14  Marauder, Marine  
  65  7:23  Marine  
  65  7:27  SCV  
  65  7:29  Barracks  
  67  7:30  Barracks  
  67  7:34  SCV  
  68  7:37  Marine  
  68  7:39  SCV  
  68  7:43  Marine  
  73  7:57  SCV x2  
  78  8:00  Marine  
  76  8:06  SCV  
Tags
 
Add a new tag
Caveats
  • Supply blocks, unpowered buildings, or Contaminate may cause inaccurate times.
  • Supply counts are checked every 10 seconds.